 Dungeon Crawl Stone Soup version 0.31-a0-971-g75a2e9a4b4 (webtiles) character file.

Game seed: 2669763201189859124

4 avis the Charlatan (level 1, 9/9 HPs)
             Began as a Felid Artificer on Oct 29, 2023.
             Got out of the dungeon alive.
             The game lasted 00:01:12 (270 turns).

avis the Charlatan (Felid Artificer)                 Turns: 270, Time: 00:01:12

Health: 9/9        AC:  1    Str:  8    XL:     1   Next: 50%
Magic:  2/2        EV: 18    Int: 12    God:
Gold:   0          SH:  0    Dex: 16    Spells: 0/0 levels left
                                        Lives:  0   Deaths: 1

rFire   . . .        (weapon unavailable)
rCold   . . .        (shield unavailable)
rNeg    . . .        (body armour unavailable)
rPois   .            (helmet unavailable)
rElec   .            (cloak unavailable)
rCorr   .            (gloves unavailable)
SInv    +            (boots unavailable)
Will    .....        (no amulet)
Stlth   ++           (no ring)
HPRegen 0.21/turn    (no ring)
MPRegen 0.08/turn

%: no passive effects
@: quick
A: very small, claws 1, fangs 3, see invisible, speed 1, shaggy fur 1, stealthy
paws, no weapons or thrown items, no armour, multi-lived
a: no special abilities


You escaped.
You visited 1 branch of the dungeon, and saw 1 of its levels.

Inventory:

Jewellery
 j - an amulet of the acrobat
Wands
 a - a wand of flame (15) (quivered)
 b - a wand of charming (15)
 c - a wand of iceblast (5)
Scrolls
 e - a scroll of blinking {unknown}
 f - a scroll of fear {unknown}
 g - a scroll of identify {unknown}
 i - a scroll of silence {unknown}
Potions
 d - a potion of curing {unknown}
 h - a potion of lignification {unknown}


   Skills:
 * Level 1.6 Fighting
 - Level 3.2 Dodging
 - Level 1.3 Stealth
 - Level 3.2 Evocations


You couldn't memorise any spells.
You didn't know any spells.
Your spell library was empty.

Dungeon Overview and Level Annotations

Branches:
Dungeon (1/15)

Altars:


Innate Abilities, Weirdness & Mutations

You have sharp claws.
You have razor-sharp teeth.
You have supernaturally acute eyesight. (SInv)
You cover ground quickly. (Speed+)
You are covered in fur. (AC +1)
Your paws help you pounce on unaware monsters.
You are incapable of wielding weapons or throwing items.
You cannot wear armour.
You gain extra lives every three experience levels.


Message History

g - a scroll labelled ULIEKU PATYILU An endoplasm comes into view.
Found 3 stones.
You pounce on the unaware helpless endoplasm!
You scratch the endoplasm.
The endoplasm is severely wounded.
The endoplasm freezes you.
You are frozen.
You scratch the endoplasm but do no damage.
The endoplasm is severely wounded.
The endoplasm freezes you.
You are frozen.
* * * LOW HITPOINT WARNING * * *
You scratch the endoplasm. Your bite misses the endoplasm.
The endoplasm is almost dead.
The endoplasm freezes you.
You are frozen.
You die...
You rejoin the land of the living...
Found an orcbow.
Found a stone staircase leading down.
h - a green potion
Found 4 poisoned darts.
Found an escape hatch in the floor.
Found a robe.
You see here a +0 robe.
i - a scroll labelled LEXKAN VIAMARO
Found a stone staircase leading down.
A rat comes into view.
Found a square beryl amulet.
The rat closely misses you.
You closely miss the rat. The rat misses you.
You scratch the rat.
You kill the rat!
You see here a rat corpse.
j - an amulet of the acrobat
There is a staircase leading out of the dungeon here.
Alright, then stay!
Unknown command.
You have escaped!

#.# #.# ##...... #.# #.# ###
##...##.#
..######.############.###.###.#.#
..)...##.............#....# #...#
####...#..#####.ยง..####.#.###.###
.............##....# ##.....##
####...#......#....####.###.## #
##.........#....#.#.###...## #
#####.##.##.@>.##.###.....### #
#.##.########.##......... #
#.##.########.##......### #
#.............##.#...## #
####........####.##.#####
########.# #.##...... #.#
#.##.##### #.# #.##.# # #.# #.##.#
#


There were no monsters in sight!

Vanquished Creatures
  An endoplasm (D:1)
  A bat (D:1)
  A frilled lizard (D:1)
  A kobold (D:1)
  A rat (D:1)
5 creatures vanquished.

Notes
Turn   | Place    | Note
-------+----------+-------------------------------------------
     0 | D:1      | avis the Felid Artificer began the quest for the Orb.
     0 | D:1      | Reached XP level 1. HP: 9/9 MP: 2/2
   162 | D:1      | Frozen to death by an endoplasm
   270 | D:$      | Got out of the dungeon alive.

Illustrated notes

Levels and vault maps discovered:
D:1:      dpeg_arrival_fog, layout_loops_ring

Action                     || total
---------------------------++-------
  Melee: Unarmed           ||    17
         Punch             ||     1
   Stab: Sleeping          ||     1
 Armour: Skin              ||     4
  Dodge: Dodged            ||    11

Table legend: (Time is in decaauts)
 A = Elapsed time spent in this place.
 B = Non-inter-level travel time spent in this place.
 C = Inter-level travel time spent in this place.
 D = Time resting spent in this place.
 E = Time spent auto-exploring this place.
 F = Levels seen in this place.
 G = Mean time per level.
                   A        B        C        D        E       F      G
               +--------+--------+--------+--------+--------+-----+--------+
         Total |    222 |    202 |     20 |      0 |    147 |   1 |  222.0 |
       Dungeon |    222 |    202 |     20 |      0 |    147 |   1 |  222.0 |
               +--------+--------+--------+--------+--------+-----+--------+

Top non-repeatable levels by time:
     D:1: 222 daAuts
